[Event "6e Open International d'Echecs des Sable"]
[Site "Sables d'Olonne, France"]
[Date "2019.07.15"]
[Round "4.3"]
[White "Vidal, Llewellyn"]
[Black "Mariette, Lucas"]
[Result "1/2-1/2"]
[ECO "A28"]
[WhiteElo "2336"]
[BlackElo "2244"]
[Annotator "jeanluc"]
[PlyCount "94"]
[EventDate "2019.??.??"]
[TimeControl "1/40:0"]
[WhiteClock "0:34:04"]
[BlackClock "0:27:35"]

1. c4 e5 2. Nc3 Nf6 3. Nf3 Nc6 4. e4 Bb4 5. d3 O-O 6. a3 Bxc3+ 7. bxc3 d6 8. g3 Ne7 9. Bg2 c6 10. O-O Qc7 11. Bg5 Ne8 12. Nh4 Be6 13.
Bxe7 Qxe7 14. Nf5 Bxf5 15. exf5 Rd8 16. Qa4 a6 17. Qa5 Nf6 18. Rab1 d5 19. cxd5 cxd5 20. Rfe1 Rfe8 21. Qb4 Qxb4 22. Rxb4 Rd7 23. h3 Rc7 24. c4 dxc4 25. dxc4 e4 26. g4 h6 27. Reb1 Ree7 28. Kh2 a5 29. Ra4 Rc5 30. Rb5 Rec7 31. Raxa5 Rxc4 32. Ra8+ Kh7 33. Ra7 Rc2 34. Rbxb7 Rxb7 35. Rxb7 Rxf2 36.
Rxf7 Ra2 37. Re7 Rxa3 38. Re6 Re3 39. Kg1 Kg8 40. Kf2 Ra3 41.
Bf1 Kf8 42. Bg2 Kf7 43. Bf1 Kf8 44. Kg2 Nd5 45. Rxe4 Ne3+ 46. Kf2 Nxf1 47. Kxf1 Rxh3 1/2-1/2

[Event "6e Open International d'Echecs des Sable"]
[Site "Sables d'Olonne, France"]
[Date "2019.07.15"]
[Round "4.4"]
[White "Duboue, Peio"]
[Black "Le Pen, Steven"]
[Result "1-0"]
[ECO "D02"]
[WhiteElo "2409"]
[BlackElo "2094"]
[Annotator "jeanluc"]
[PlyCount "59"]
[EventDate "2019.??.??"]
[TimeControl "1/40:0"]
[WhiteClock "0:55:23"]
[BlackClock "0:01:47"]

1. d4 Nf6 2. Bf4 g6 3. e3 Bg7 4. Be2 d5 5. Nf3 c5 6. c3 Nc6 7. h3 O-O 8. Nbd2 Nd7 9. O-O e5 10. dxe5 Ndxe5 11. Nxe5 Nxe5 12. Nf3 Nc6 13. Qb3 Na5 14. Qa3 Qb6 15. Rad1 Be6 16. b4 cxb4 17. cxb4 Nc4 18. Qb3 a5 19. b5 a4 20. Qb4 Rfc8 21. Nd4 Ra5 22. Nxe6 fxe6 23. e4 Qxb5 24. Qe7 Re8 25. Qc7 Qc5 26. exd5 e5 27. Qd7 Re7 28. Qd8+ Bf8 29. Bxc4 Qxc4 30. Bh6 1-0

[Event "6e Open International d'Echecs des Sable"]
[Site "Sables d'Olonne, France"]
[Date "2019.07.15"]
[Round "4.5"]
[White "Eugene, Floryan"]
[Black "Redondo Arguelles, Graciela"]
[Result "1-0"]
[ECO "C10"]
[WhiteElo "2300"]
[BlackElo "2043"]
[Annotator "jeanluc"]
[PlyCount "83"]
[EventDate "2019.??.??"]
[TimeControl "1/40:0"]
[WhiteClock "0:33:41"]
[BlackClock "0:00:57"]

1. e4 e6 2. d4 d5 3. Nd2 dxe4 4. Nxe4 Be7 5. Nf3 Nf6 6. Bd3 Nbd7 7. Nxf6+ Nxf6 8. Qe2 c5 9. dxc5 Qa5+ 10. Bd2 Qxc5 11. O-O-O Bd7 12. Ne5 a6 13. Nxd7 Nxd7 14. Qe4 Qe5 15. Qxe5 Nxe5 16. Be4 O-O-O 17. Bf4 Ng6 18. Be3 Bd6 19. g3 f5 20. Bg2 e5 21. Bh3 Rhf8 22. Rd3 Bc7 23. Rc3 Ne7 24. Bc5 Rf7 25. Bxe7 Rxe7 26. Bxf5+ Kb8 27. Bxh7 e4 28. Re3 Rf7 29. Bxe4 Rxf2 30. Rb3 b6 31. Rf3 Rdd2 32. Rf8+ Bd8 33. Rg8 g5 34. h4 gxh4 35. gxh4 Kc7 36. h5 Rh2 37. Rg7+ Kd6 38. Rf1 Rde2 39. Rd1+ Ke5 40. Rxd8 Kxe4 41. Re7+ Kf5 42. Rxe2 1-0

[Event "6e Open International d'Echecs des Sable"]
[Site "Sables d'Olonne, France"]
[Date "2019.07.15"]
[Round "4.6"]
[White "Renault, Jerome"]
[Black "Cotonnec, Melkior"]
[Result "0-1"]
[ECO "D93"]
[WhiteElo "2097"]
[BlackElo "2293"]
[Annotator "jeanluc"]
[PlyCount "132"]
[EventDate "2019.??.??"]
[TimeControl "1/40:0"]
[WhiteClock "0:02:32"]
[BlackClock "0:03:22"]

1. d4 Nf6 2. Nf3 g6 3. c4 Bg7 4. Nc3 d5 5. Bf4 c6 6. e3 O-O 7. Qb3 b6 8. Be2 Bb7 9. Rc1 e6 10. O-O Nbd7 11. Rfd1 Re8 12. c5 Bf8 13. a4 Nh5 14. Bg5 f6 15. Bh4 g5 16. g4 gxh4 17. gxh5 f5 18.
Kh1 Kh8 19. Rg1 Rb8 20. cxb6 axb6 21. Ng5 Qf6 22. f4 Be7 23. Nd1 Rg8 24. Nf2 c5 25. Qc3 h6 26. Nf3 c4 27. Ne5 Nxe5 28.
fxe5 Qxe5 29. Bf3 Qd6 30. Nh3 Bg5 31. Rg2 Rbc8 32. Rcg1 Qe7 33. Nf4 Bxf4 34. exf4 Rxg2 35. Rxg2 Rg8 36. Qe3 Qf6 37. Rxg8+ Kxg8 38. Kg2 Kf7 39. Kh3 Ke8 40. Qg1 Kf7 41. Qe3 Bc6 42. Bd1 Ke7 43. Qg1 Be8 44. Qe3 Kd6 45. a5 Kc7 46. axb6+ Kxb6 47. b3 Bb5 48. bxc4 Bxc4 49. Qf2 Qe7 50. Qb2+ Kc7 51. Be2 Qd6 52. Bxc4 dxc4 53. Qd2 Qc6 54. Qc3 Kd7 55. d5 Qxd5 56. Kxh4 e5 57. fxe5 Ke6 58. Qc1 Qd4+ 59. Kg3 Qxe5+ 60. Kg2 Qe4+ 61. Kg1 f4 62. Qa1 Kf5 63. Qg7 Qe1+ 64. Kg2 Qe2+ 65. Kh3 Qxh5+ 66. Kg2 Qg5+ 0-1

[Event "6e Open International d'Echecs des Sable"]
[Site "Sables d'Olonne, France"]
[Date "2019.07.15"]
[Round "4.7"]
[White "Maleki, Nicolas"]
[Black "Besson, Bastien"]
[Result "1-0"]
[ECO "C41"]
[WhiteElo "2088"]
[BlackElo "2204"]
[Annotator "jeanluc"]
[PlyCount "81"]
[EventDate "2019.??.??"]
[TimeControl "1/40:0"]
[WhiteClock "0:29:00"]
[BlackClock "0:01:37"]

1. e4 d6 2. d4 Nf6 3. Nc3 e5 4. Nf3 Nbd7 5. Bc4 Be7 6. O-O O-O 7. a4 c6 8. Ba2 b6 9. Re1 a6 10. h3 Bb7 11. Bg5 h6 12. Bh4 Qc7 13.
Qe2 b5 14. Rad1 b4 15. Nb1 Nb6 16. Bb3 c5 17. dxe5 dxe5 18. Nbd2 a5 19. Bg3 Bd6 20. Bh4 Nh5 21. Nc4 Nxc4 22. Bxc4 Be7 23. Nxe5 Nf4 24. Qg4 Qxe5 25. Bxe7 Bc8 26. Qg3 Nxh3+ 27. gxh3 Qxe7 28. Rd6 Be6 29. Bxe6 fxe6 30. Red1 Ra7 31. Qg4 Rf6 32. R1d2 Kh7 33. Kf1 Rg6 34. Qf4 Qe8 35. Rd8 Qc6 36. Qb8 Qa6+ 37. R2d3 Rf6 38. Rh8+ Kg6 39. Ke1 Qb7 40. Rg3+ Kh5 41. Qe5+ 1-0

[Event "6e Open International d'Echecs des Sable"]
[Site "Sables d'Olonne, France"]
[Date "2019.07.16"]
[Round "5.1"]
[White "Prie, Eric"]
[Black "Colin, Vincent"]
[Result "1/2-1/2"]
[ECO "D00"]
[WhiteElo "2436"]
[BlackElo "2370"]
[Annotator "jeanluc"]
[PlyCount "73"]
[EventDate "2019.??.??"]
[TimeControl "1/40:0"]
[WhiteClock "0:02:52"]
[BlackClock "0:33:13"]

1. d4 Nf6 2. Bf4 e6 3. e3 d5 4. Nd2 Bd6 5. Bg3 O-O 6. Bd3 c5 7. c3 Qc7 8. Bxd6 Qxd6 9. f4 cxd4 10. cxd4 Qb6 11. Qb3 Bd7 12. Ngf3 Rc8 13. Qxb6 axb6 14. Ke2 Bc6 15. Rhc1 Nbd7 16. a4 Nf8 17. Ne5 Be8 18. b3 N6d7 19. Nxd7 Bxd7 20. Nf3 f6 21. Kd2 Kf7 22. Ng1 Ke7 23. Ne2 Be8 24. Nc3 Bg6 25. f5 Bf7 26. fxe6 Bxe6 27. Rc2 Kd8 28. Rf1 Rc7 29. Bf5 Bg8 30. Rfc1 Ng6 31. Nb5 Rxc2+ 32. Rxc2 Ne7 33. Bg4 Nc6 34. Nd6 Kc7 35. Nb5+ Kd8 36. Bf3 Kd7 37. Bg4+ 1/2-1/2

[Event "6e Open International d'Echecs des Sable"]
[Site "Sables d'Olonne, France"]
[Date "2019.07.16"]
[Round "5.2"]
[White "Pottier, Simeon"]
[Black "Duboue, Peio"]
[Result "0-1"]
[ECO "D27"]
[WhiteElo "2192"]
[BlackElo "2409"]
[Annotator "jeanluc"]
[PlyCount "41"]
[EventDate "2019.??.??"]
[TimeControl "1/40:0"]
[WhiteClock "0:36:20"]
[BlackClock "1:17:12"]

1. d4 d5 2. c4 dxc4 3. Nf3 Nf6 4. e3 e6 5. Bxc4 a6 6. O-O c5 7. Bb3 Nc6 8. Qe2 cxd4 9. Rd1 Be7 10. Nc3 O-O 11. exd4 Na5 12. Bc2 b5 13. Bf4 Bb7 14. Rac1 Nc4 15. b3 Nb6 16. Be5 Rc8 17. Qd3 g6 18. Nd2 Ba3 19. Rb1 Nbd5 20. Nde4 Nxe4 21. Nxe4 0-1

[Event "6e Open International d'Echecs des Sable"]
[Site "Sables d'Olonne, France"]
[Date "2019.07.16"]
[Round "5.3"]
[White "Bujisho, Benjamin"]
[Black "Maleki, Nicolas"]
[Result "1/2-1/2"]
[ECO "A11"]
[WhiteElo "2326"]
[BlackElo "2088"]
[Annotator "jeanluc"]
[PlyCount "76"]
[EventDate "2019.??.??"]
[TimeControl "1/40:0"]
[WhiteClock "0:05:17"]
[BlackClock "0:00:41"]

1. Nf3 d5 2. g3 Nf6 3. Bg2 Bg4 4. O-O e6 5. c4 c6 6. cxd5 exd5 7. d3 Be7 8. Be3 Nbd7 9. Qb3 Qc8 10. Nc3 O-O 11. Rac1 Re8 12. Rfe1 Bf8 13. Bd4 Nc5 14. Qd1 Qd8 15. Bxc5 Bxc5 16. d4 Bd6 17. a3 Ne4 18. Qb3 Rb8 19. Nxe4 dxe4 20. Nd2 Be6 21. Qc3 Bd5 22. e3 h5 23. Qc2 Qe7 24. Nb1 h4 25. Nc3 hxg3 26. hxg3 g6 27. Nxd5 cxd5 28. Qb3 Qg5 29. Qa4 a6 30. Qa5 Kg7 31. Rc2 Re6 32. Qd2 Rh8 33. Rf1 Rf6 34. Qe2 Qh6 35. f4 exf3 36. Rxf3 Qh2+ 37. Kf1 Qxg3 38. Rxf6 Kxf6 1/2-1/2

[Event "6e Open International d'Echecs des Sable"]
[Site "Sables d'Olonne, France"]
[Date "2019.07.16"]
[Round "5.4"]
[White "Briand, Amaury"]
[Black "Eugene, Floryan"]
[Result "0-1"]
[ECO "C54"]
[WhiteElo "1896"]
[BlackElo "2300"]
[Annotator "jeanluc"]
[PlyCount "62"]
[EventDate "2019.??.??"]
[TimeControl "1/40:0"]
[WhiteClock "0:12:17"]
[BlackClock "0:46:44"]

1. e4 e5 2. Nf3 Nc6 3. Bc4 Bc5 4. c3 Nf6 5. d4 exd4 6. e5 d5 7. Bb5 Ne4 8. cxd4 Bb6 9. Nc3 O-O 10. Be3 Bg4 11. h3 Bh5 12. Qc2 Bg6 13.
Qb3 Ne7 14. O-O c6 15. Bd3 Nd2 16. Nxd2 Bxd3 17. Rfe1 Bg6 18. Na4 Ba5 19. Qxb7 Bc2 20. b3 Nf5 21. e6 Qc8 22. exf7+ Rxf7 23. Qxc8+ Rxc8 24. g4 Bxd2 25. Bxd2 Nxd4 26. Kg2 Nf3 27. Re2 Be4 28. Bc3 Ng5+ 29. Kh2 Rf3 30. Kg2 Rxc3+ 31. Rxe4 Nxe4 0-1

[Event "6e Open International d'Echecs des Sable"]
[Site "Sables d'Olonne, France"]
[Date "2019.07.16"]
[Round "5.5"]
[White "Cotonnec, Melkior"]
[Black "Angermuende, Dirk"]
[Result "1-0"]
[ECO "A30"]
[WhiteElo "2293"]
[BlackElo "1972"]
[Annotator "jeanluc"]
[PlyCount "67"]
[EventDate "2019.??.??"]
[TimeControl "1/40:0"]
[WhiteClock "0:11:50"]
[BlackClock "0:02:27"]

1. c4 Nf6 2. Nf3 e6 3. g3 b6 4. Bg2 Bb7 5. O-O Be7 6. b3 O-O 7. Bb2 c5 8. Nc3 Ne4 9. Qc2 Nxc3 10. Bxc3 Nc6 11. Qb2 Bf6 12. Bxf6 Qxf6 13. Qxf6 gxf6 14. Rfd1 Rfd8 15. d4 d6 16. e3 Kf8 17. Rd2 Rab8 18. Rad1 Ke7 19. Ne1 Na5 20. Kf1 Bxg2+ 21. Nxg2 Nc6 22. Nf4 Rb7 23. g4 Rbd7 24. h3 Ke8 25. d5 Ne5 26. dxe6 fxe6 27. Nxe6 Nf3 28. Rd5 Rc8 29. Kg2 Nh4+ 30. Kg3 Ng6 31. f4 Ne7 32. Rxd6 Rxd6 33. Rxd6 h5 34. Ng7+ 1-0

[Event "6e Open International d'Echecs des Sable"]
[Site "Sables d'Olonne, France"]
[Date "2019.07.16"]
[Round "5.6"]
[White "Mariette, Lucas"]
[Black "Troubat, Alexandre"]
[Result "1-0"]
[ECO "B72"]
[WhiteElo "2244"]
[BlackElo "1932"]
[Annotator "jeanluc"]
[PlyCount "67"]
[EventDate "2019.??.??"]
[TimeControl "1/40:0"]
[WhiteClock "0:43:33"]
[BlackClock "0:01:43"]

1. e4 c5 2. Nf3 d6 3. d4 cxd4 4. Nxd4 Nf6 5. Nc3 g6 6. Be3 Bg7 7. h3 O-O 8. Bc4 Nxe4 9. Nxe4 d5 10. Bd3 dxe4 11. Bxe4 e5 12. Nb3 Nc6 13. O-O Qf6 14. Qd2 Rd8 15. Bg5 Rxd2 16. Bxf6 Rd6 17. Bxg7 Kxg7 18. Rad1 Rxd1 19. Rxd1 Bf5 20. Bxc6 bxc6 21.
Rd2 Rb8 22. c4 Be6 23. Rc2 Rd8 24. f3 Kf6 25. Kf2 Bf5 26. Rc3 Bb1 27. Ke3 Bxa2 28. Nd2 a6 29. Rc2 Rb8 30. b4 Bb1 31. Nxb1 Rxb4 32. Nc3 a5 33. Kd3 a4 34. Ra2 1-0

[Event "6e Open International d'Echecs des Sable"]
[Site "Sables d'Olonne, France"]
[Date "2019.07.16"]
[Round "5.7"]
[White "Sempe, Pierre"]
[Black "Vidal, Llewellyn"]
[Result "0-1"]
[ECO "B11"]
[WhiteElo "1765"]
[BlackElo "2336"]
[Annotator "jeanluc"]
[PlyCount "72"]
[EventDate "2019.??.??"]
[TimeControl "1/40:0"]
[WhiteClock "0:34:25"]
[BlackClock "1:04:21"]

1. e4 c6 2. Nf3 d5 3. Nc3 Bg4 4. h3 Bxf3 5. Qxf3 Nf6 6. e5 Nfd7 7. d4 e6 8. Ne2 c5 9. c3 Nc6 10. Bd2 Qb6 11. Rb1 cxd4 12. cxd4 Nxd4 13. Nxd4 Qxd4 14. Bc3 Bb4 15. Qe3 Qxe3+ 16. fxe3 Bxc3+ 17. bxc3 O-O-O 18. c4 Nxe5 19. cxd5 Rxd5 20. Be2 Ra5 21. Rb2 Rd8 22. O-O Rd6 23. Bb5 Kd8 24. Rc1 a6 25. Be2 Rc6 26. Rd1+ Kc7 27. Kf2 Rac5 28. a4 Rc2 29. Rb4 Ra2 30. Ke1 Rcc2 31. Bf1 Rab2 32. Rbd4 f5 33. Rd8 Rc3 34. R8d2 Rxe3+ 35. Be2 Rxd2 36. Kxd2 Re4 0-1

[Event "6e Open International d'Echecs des Sable"]
[Site "Sables d'Olonne, France"]
[Date "2019.07.17"]
[Round "6.1"]
[White "Duboue, Peio"]
[Black "Prie, Eric"]
[Result "1/2-1/2"]
[ECO "B01"]
[WhiteElo "2409"]
[BlackElo "2436"]
[Annotator "jeanluc"]
[PlyCount "133"]
[EventDate "2019.??.??"]
[TimeControl "1/40:0"]
[WhiteClock "0:03:48"]
[BlackClock "0:33:10"]

1. e4 d5 2. exd5 Qxd5 3. Nf3 Bg4 4. Be2 Nc6 5. d4 O-O-O 6.
c4 Qd7 7. d5 Bxf3 8. Bxf3 Ne5 9. Nc3 Nf6 10. O-O e6 11. Bf4 Bd6 12. Bxe5 Bxe5 13. Re1 Bxc3 14. bxc3 exd5 15. cxd5 Rhe8 16.
Rxe8 Rxe8 17. a4 a5 18. Qd4 Qd6 19. h3 b6 20. c4 Qb4 21.
Kh2 Re1 22. Rxe1 Qxe1 23. d6 Qb4 24. dxc7 Kxc7 25. g3 Qd6 26.
Qe3 h5 27. Kg2 g6 28. c5 Qxc5 29. Qf4+ Qd6 30. Qc4+ Kd8 31. Qxf7 g5 32. Bxh5 Nxh5 33. Qxh5 Qd5+ 34. Kh2 b5 35. axb5 Qxb5 36. h4 Qc5 37. Kh3 Qc8+ 38. Kg2 Qc6+ 39. Kg1 Qc1+ 40. Kg2 Qc6+ 41. Kg1 Qc1+ 42. Kh2 Qc5 43. Qh8+ Ke7 44. Qg7+ Ke6 45. Qg6+ Ke7 46. Qg7+ Ke6 47. Qg6+ Ke7 48. Qe4+ Kf8 49. Qf3+ Kg7 50. hxg5 Qxg5 51. Qe4 Qb5 52. f4 a4 53. g4 a3 54. Qe7+ Kg8 55. Qe6+ Kg7 56. Qe7+ Kg8 57. Qxa3 Qe2+ 58. Kh3 Qf1+ 59. Kh4 Qxf4 60. Qa8+ Kg7 61. Qb7+ Kg6 62. Qc6+ Kg7 63. Qd7+ Kg6 64. Qe6+ Kg7 65. Qd7+ Kg6 66. Qe8+ Kg7 67. Qd7+ 1/2-1/2

[Event "6e Open International d'Echecs des Sable"]
[Site "Sables d'Olonne, France"]
[Date "2019.07.17"]
[Round "6.3"]
[White "Eugene, Floryan"]
[Black "Mariette, Lucas"]
[Result "1-0"]
[ECO "C50"]
[WhiteElo "2300"]
[BlackElo "2244"]
[Annotator "jeanluc"]
[PlyCount "99"]
[EventDate "2019.??.??"]
[TimeControl "1/40:0"]
[WhiteClock "0:38:24"]
[BlackClock "0:22:04"]

1. e4 e5 2. Nf3 Nc6 3. Bc4 Bc5 4. O-O Nf6 5. d3 a6 6. a4 O-O 7. Bg5 h6 8. Bh4 g5 9. Bg3 d6 10. c3 Bg4 11. h3 Bh5 12. Nbd2 Ba7 13.
b4 Kg7 14. b5 axb5 15. axb5 Ne7 16. d4 Ng6 17. Be2 Bxf3 18. Bxf3 Qd7 19. Qb3 h5 20. Ra4 g4 21. hxg4 hxg4 22. Be2 Bb6 23. Rfa1 Rxa4 24. Rxa4 exd4 25. cxd4 d5 26. Be5 Nxe5 27. dxe5 Nxe4 28. Nxe4 dxe4 29. Rxe4 Bxf2+ 30. Kxf2 Qf5+ 31. Ke3 Rd8 32. Rxg4+ Kh6 33. Qc3 Rd5 34. Qc1 Rd3+ 35. Bxd3 Qxg4 36. Qf1 Kg7 37. Qf6+ Kg8 38. Qf3 Qg5+ 39. Kd4 b6 40. g3 Qd2 41. Qf4 Qb2+ 42. Ke3 Qc3 43.
Ke2 Qb2+ 44. Kf1 Qa1+ 45. Kg2 Qa8+ 46. Kh2 Qa2+ 47. Kh3 Qd5 48. Bc4 Qh1+ 49. Kg4 Qd1+ 50. Kh4 1-0

[Event "6e Open International d'Echecs des Sable"]
[Site "Sables d'Olonne, France"]
[Date "2019.07.17"]
[Round "6.4"]
[White "Vidal, Llewellyn"]
[Black "Maleki, Nicolas"]
[Result "1-0"]
[ECO "D10"]
[WhiteElo "2336"]
[BlackElo "2088"]
[Annotator "jeanluc"]
[PlyCount "105"]
[EventDate "2019.??.??"]
[TimeControl "1/40:0"]
[WhiteClock "0:10:23"]
[BlackClock "0:01:50"]

1. c4 c6 2. d4 d5 3. cxd5 cxd5 4. Bg5 h6 5. Bh4 Qb6 6. Nc3 e6 7. Qd2 Nc6 8. e3 Bd7 9. Nf3 Nge7 10. Bd3 Nb4 11. Ne5 Nxd3+ 12. Qxd3 Nf5 13. Nxd7 Kxd7 14. Bg3 Nxg3 15. fxg3 Rc8 16. O-O f5 17. g4 g6 18. Kh1 Qa6 19. Nb5 Be7 20. a4 Rc6 21. gxf5 gxf5 22. g4 fxg4 23.
Rf7 Rf8 24. Rxf8 Bxf8 25. e4 dxe4 26. Qxe4 Rc4 27. Qh7+ Be7 28. d5 exd5 29. Re1 Re4 30. Rc1 Qf6 31. Kg1 Re2 32. Rc7+ Ke6 33. Qg8+ Ke5 34. Rxe7+ Qxe7 35. Qh8+ Qf6 36. Qe8+ Qe6 37. Qxe6+ Kxe6 38. Nd4+ Ke5 39. Nxe2 Ke4 40. Nc3+ Kd4 41. Kf2 Kc4 42. Kg3 d4 43. Ne4 Kb4 44. Nd2 Kxa4 45. Kxg4 Kb4 46. Kh5 a5 47. Kxh6 a4 48. Kg5 a3 49. bxa3+ Kxa3 50. h4 Kb2 51. h5 Kc2 52. Ne4 Kd3 53. Kf4 1-0

[Event "6e Open International d'Echecs des Sable"]
[Site "Sables d'Olonne, France"]
[Date "2019.07.17"]
[Round "6.5"]
[White "Lucas, Arthur"]
[Black "Bujisho, Benjamin"]
[Result "1/2-1/2"]
[ECO "B09"]
[WhiteElo "2286"]
[BlackElo "2326"]
[Annotator "jeanluc"]
[PlyCount "55"]
[EventDate "2019.??.??"]
[TimeControl "1/40:0"]
[WhiteClock "0:00:56"]
[BlackClock "0:23:22"]

1. e4 d6 2. d4 Nf6 3. Nc3 g6 4. f4 Bg7 5. Nf3 O-O 6. e5 dxe5 7. fxe5 Nd5 8.
Ne4 Bf5 9. Ng3 Bg4 10. Be2 c5 11. O-O cxd4 12. Qxd4 Qb6 13. Qxb6 Nxb6 14. Bf4 Nc6 15. h3 Bxf3 16. Bxf3 Rad8 17. Bxc6 bxc6 18. Rae1 h6 19. b3 Nd5 20. Bd2 Nc7 21. Bb4 Rd7 22. Rf3 Ne6 23. Rc3 Rc8 24. Rc4 c5 25. Bc3 Rd5 26. Nf1 h5 27. Ne3 Rd7 28. Re4 1/2-1/2

[Event "6e Open International d'Echecs des Sable"]
[Site "Sables d'Olonne, France"]
[Date "2019.07.17"]
[Round "6.6"]
[White "Renault, Jerome"]
[Black "Rollot, Florence"]
[Result "1-0"]
[ECO "E91"]
[WhiteElo "2097"]
[BlackElo "1899"]
[Annotator "jeanluc"]
[PlyCount "77"]
[EventDate "2019.??.??"]
[TimeControl "1/40:0"]
[WhiteClock "0:06:57"]
[BlackClock "0:01:52"]

1. d4 Nf6 2. Nf3 c5 3. d5 d6 4. c4 g6 5. Nc3 Bg7 6. e4 Bg4 7. Be2 O-O 8. Qb3 b6 9. h3 Bxf3 10. Bxf3 Nbd7 11. O-O Ne8 12. Be2 Nc7 13. Bf4 f5 14. exf5 Rxf5 15. Bh2 Rf7 16. Rae1 Nf6 17. Bd1 Qf8 18. a4 Kh8 19. Qc2 Rb8 20. Ne2 Nfe8 21. Nc3 Nf6 22. b3 a6 23. Qd3 Nd7 24. f4 Bd4+ 25. Kh1 Qg7 26. Ne4 h6 27. Bc2 Rg8 28.
g4 Nf6 29. Ng3 h5 30. g5 Nd7 31. Re6 Nf8 32. Re4 Nd7 33. h4 a5 34. Qe2 Qf8 35. f5 Ne5 36. fxg6 Rxf1+ 37. Nxf1 Nxg6 38.
Qxh5+ Kg7 39. Rf4 1-0

[Event "6e Open International d'Echecs des Sable"]
[Site "Sables d'Olonne, France"]
[Date "2019.07.17"]
[Round "6.7"]
[White "Dalaud, Dorian"]
[Black "Delabbey, Florian"]
[Result "1-0"]
[ECO "B31"]
[WhiteElo "2220"]
[BlackElo "1904"]
[Annotator "jeanluc"]
[PlyCount "49"]
[EventDate "2019.??.??"]
[TimeControl "1/40:0"]
[WhiteClock "0:30:32"]
[BlackClock "0:27:46"]

1. e4 c5 2. Nc3 Nc6 3. Bb5 Nd4 4. Nf3 g6 5. Nxd4 cxd4 6.
Ne2 Bg7 7. O-O e6 8. d3 Ne7 9. Bg5 O-O 10. Qd2 d6 11. f4 Qc7 12. Kh1 d5 13.
Rae1 Nc6 14. f5 dxe4 15. fxg6 hxg6 16. dxe4 e5 17. Bf6 Be6 18. Qg5 Bxf6 19. Rxf6 Kg7 20. Ref1 a6 21. Bxc6 bxc6 22. Ng3 Rh8 23. Rxe6 fxe6 24. Rf6 Rh6 25. Rxe6 1-0

[Event "6e Open International d'Echecs des Sable"]
[Site "Sables d'Olonne, France"]
[Date "2019.07.17"]
[Round "7.1"]
[White "Eugene, Floryan"]
[Black "Colin, Vincent"]
[Result "1/2-1/2"]
[ECO "A10"]
[WhiteElo "2300"]
[BlackElo "2370"]
[Annotator "jeanluc"]
[PlyCount "20"]
[EventDate "2019.??.??"]
[TimeControl "1/40:0"]
[WhiteClock "1:29:48"]
[BlackClock "1:32:00"]

1. c4 b6 2. Nf3 Bb7 3. e3 e6 4. Be2 f5 5. b3 Nf6 6. Bb2 Be7 7. O-O O-O 8. Nc3 a5 9. d4 Na6 10. Ne5 Qe8 1/2-1/2

[Event "6e Open International d'Echecs des Sable"]
[Site "Sables d'Olonne, France"]
[Date "2019.07.17"]
[Round "7.2"]
[White "Prie, Eric"]
[Black "Vidal, Llewellyn"]
[Result "0-1"]
[ECO "D00"]
[WhiteElo "2436"]
[BlackElo "2336"]
[Annotator "jeanluc"]
[PlyCount "146"]
[EventDate "2019.??.??"]
[TimeControl "1/40:0"]
[WhiteClock "0:00:35"]
[BlackClock "0:02:48"]

1. d4 d5 2. Bf4 Nf6 3. e3 e6 4. Nd2 Bd6 5. Bg3 O-O 6. Bd3 c5 7. c3 Qc7 8. Bxd6 Qxd6 9. f4 cxd4 10. cxd4 b6 11. Qe2 Bb7 12. Ngf3 Nc6 13.
a3 Ne7 14. O-O h6 15. Rac1 Rac8 16. Ne5 Ne4 17. Nxe4 dxe4 18. Bb1 f6 19. Nc4 Qd7 20. Nd2 f5 21. Ba2 Bd5 22. Bc4 Bxc4 23. Nxc4 Qb5 24. Kf2 Qa4 25. Nd6 Rxc1 26. Rxc1 Qd7 27. Nb5 a6 28. Nc3 b5 29. Na2 g5 30. g3 gxf4 31. gxf4 Kh7 32. Nb4 Rg8 33. Nxa6 Nd5 34. Nc5 Qd6 35. Qxb5 Nxf4 36. Rh1 Rb8 37. Qd7+ Qxd7 38. Nxd7 Rxb2+ 39. Kg3 Nd5 40. Re1 Rb3 41. Kf2 Rxa3 42. Nf8+ Kg7 43. Nxe6+ Kf6 44. Nc5 h5 45. Nd7+ Ke6 46. Ne5 f4 47. exf4 Kf5 48. Nc4 Rf3+ 49. Kg1 e3 50. Kg2 Kxf4 51. Rf1 Rxf1 52. Kxf1 Ke4 53. Nd6+ Kxd4 54. Ke2 Ke5 55. Nf7+ Kf4 56. Nd6 h4 57. Nc4 Ke4 58. Nd6+ Ke5 59. Nb5 Kf4 60. Nd6 Nc3+ 61. Ke1 Ne4 62. Nc4 Nc3 63. Nd6 Kf3 64. Nf5 h3 65. Nh4+ Ke4 66. Ng6 Nd5 67. Ke2 Nf6 68. Nh4 Nh5 69. Ng6 Ng3+ 70. Ke1 Nf5 71. Kf1 Nd4 72. Ne7 Kf3 73. Nd5 e2+ 0-1

[Event "6e Open International d'Echecs des Sable"]
[Site "Sables d'Olonne, France"]
[Date "2019.07.17"]
[Round "7.3"]
[White "Bujisho, Benjamin"]
[Black "Duboue, Peio"]
[Result "1/2-1/2"]
[ECO "C65"]
[WhiteElo "2326"]
[BlackElo "2409"]
[Annotator "jeanluc"]
[PlyCount "129"]
[EventDate "2019.??.??"]
[TimeControl "1/40:0"]
[WhiteClock "0:04:38"]
[BlackClock "0:15:19"]

1. e4 e5 2. Nf3 Nc6 3. Bb5 Nf6 4. O-O Be7 5. Re1 d6 6. d4 exd4 7. Nxd4 Bd7 8. Nxc6 bxc6 9. Bf1 O-O 10. c4 Ng4 11. Be2 Ne5 12. f4 Ng6 13. g3 f5 14. exf5 Bxf5 15. Bf3 Bd7 16. Bd2 Rb8 17. Bc3 Bf6 18. Qd2 Kh8 19. Bxf6 Qxf6 20. Nc3 c5 21. Rad1 Rfe8 22. Rxe8+ Bxe8 23. b3 Nf8 24. Nd5 Qd8 25. Re1 Bc6 26. Qc3 Bxd5 27. Bxd5 Nd7 28. Bc6 Nf6 29. Qe3 h6 30. Qe7 Ng8 31. Qf7 Qf6 32. Qxf6 Nxf6 33. Re7 Rc8 34. Bb7 Re8 35. Rxc7 Re1+ 36. Kf2 Ra1 37. Kf3 Rxa2 38. g4 Rb2 39. g5 Rxb3+ 40. Kg2 hxg5 41. fxg5 Nh5 42. Be4 Nf4+ 43. Kf1 g6 44. Rf7 Nh3 45. Bxg6 Nxg5 46. Rxa7 Nf3 47. Bf7 Nxh2+ 48. Ke2 Kg7 49. Bd5+ Kf6 50. Rf7+ Kg6 51. Rd7 Rb6 52. Ke3 Ng4+ 53. Kf4 Ne5 54. Re7 Rb4 55. Re6+ Kg7 56. Rxd6 Nxc4 57. Bxc4 Rxc4+ 58. Ke3 Kf7 59. Kd3 Rc1 60. Kd2 Ra1 61. Rc6 Ra5 62. Kc3 Ke7 63. Kc4 Kd7 64. Rxc5 Rxc5+ 65. Kxc5 1/2-1/2

[Event "6e Open International d'Echecs des Sable"]
[Site "Sables d'Olonne, France"]
[Date "2019.07.17"]
[Round "7.4"]
[White "Frick, Christoph"]
[Black "Lucas, Arthur"]
[Result "0-1"]
[ECO "B25"]
[WhiteElo "2134"]
[BlackElo "2286"]
[Annotator "jeanluc"]
[PlyCount "76"]
[EventDate "2019.??.??"]
[TimeControl "1/40:0"]
[WhiteClock "0:00:55"]
[BlackClock "0:00:53"]

1. e4 c5 2. Nc3 Nc6 3. g3 g6 4. Bg2 Bg7 5. d3 d6 6. Nh3 Nh6 7. O-O O-O 8. Nd5 Bg4 9. f3 Bd7 10. c3 Qc8 11. Nf2 e6 12. Ne3 b5 13.
Bd2 f5 14. Rc1 Nf7 15. f4 a5 16. Re1 a4 17. exf5 gxf5 18. g4 fxg4 19. Qxg4 e5 20. Qh5 exf4 21. Nd5 Qd8 22. Bxf4 Nfe5 23. Be4 Ng6 24. Bg5 Qb8 25. Ng4 Bxg4 26. Qxg4 Qc8 27. Qg2 Ra7 28. Rf1 Nce5 29. h4 Qg4 30. Qxg4 Nxg4 31. Bf5 Nh6 32. Be6+ Kh8 33. Rce1 Ne5 34. Rxf8+ Bxf8 35. Rf1 Bg7 36. Be7 Nxd3 37. Bf8 Nxb2 38. Bxd6 Ra6 0-1

[Event "6e Open International d'Echecs des Sable"]
[Site "Sables d'Olonne, France"]
[Date "2019.07.17"]
[Round "7.5"]
[White "Mariette, Lucas"]
[Black "Renault, Jerome"]
[Result "1/2-1/2"]
[ECO "B29"]
[WhiteElo "2244"]
[BlackElo "2097"]
[Annotator "jeanluc"]
[PlyCount "93"]
[EventDate "2019.??.??"]
[TimeControl "1/40:0"]
[WhiteClock "0:31:53"]
[BlackClock "0:18:23"]

1. e4 c5 2. Nf3 Nf6 3. Nc3 Nc6 4. d4 d5 5. exd5 Nxd5 6. Nxd5 Qxd5 7. dxc5 Qxc5 8. c3 g6 9. Be3 Qa5 10. Qb3 Bg7 11. Bb5 O-O 12. Bxc6 bxc6 13. Nd4 Bxd4 14. Bxd4 e5 15. Be3 Ba6 16. f3 Rab8 17. Qc2 Rfd8 18. b4 Qc7 19. Kf2 Bd3 20. Qa4 a6 21. Rhd1 Rd5 22. Rd2 Rbd8 23. Rad1 Qd7 24. Qb3 Qe6 25. a4 e4 26. Bb6 Bc4 27. Qb2 Rxd2+ 28. Rxd2 e3+ 29. Bxe3 Re8 30. Re2 Bxe2 31. Qxe2 f5 32. Qd2 Re7 33. a5 Qe5 34. g3 Qe6 35. Qd8+ Re8 36. Qd2 Kf7 37. Bd4 Qc4 38. Be3 h5 39. h4 Qe6 40. Bd4 Qc4 41. Bc5 Qe6 42. Bd4 Qd5 43.
Kg2 Qc4 44. Kf2 Kg8 45. Be3 Kf7 46. Bd4 g5 47. hxg5 1/2-1/2